 Dungeon Sprint DCSS version 0.22.1-1-ga44c0e56f4 (webtiles) character file.

355 MuseOD the Covert (level 6, -5/35 HPs)
             Began as a Spriggan Enchanter on Sept 23, 2018.
             Slain by a neqoxec (15 damage)
             ... in the Dungeon (Sprint II: "The Violet Keep of Menkaure").
             The game lasted 00:00:32 (75 turns).

MuseOD the Covert (Spriggan Enchanter)                Turns: 75, Time: 00:00:33

Health: -5/35      AC:  2    Str:  1 (2)  XL:     6   Next: 36%
Magic:  11/11      EV: 18    Int: 19      God:
Gold:   0          SH:  0    Dex: 13 (14) Spells: 9/10 levels left

rFire    . . .     SeeInvis +   a - +1 dagger
rCold    . . .     Gourm    .   (shield restricted)
rNeg     . . .     Faith    .   b - +0 robe
rPois    .         Spirit   .   (helmet restricted)
rElec    .         Reflect  .   (no cloak)
rCorr    .         Harm     .   (gloves unavailable)
MR       +....     Rnd*Rage +   (boots unavailable) Stlth +++++.....NoTele +
                                (no amulet)
HPRegen  0.11/turn              (no ring)
MPRegen  0.12/turn              (no ring)

@: berserk cooldown, hasted, very quick
A: very small, unfitting armour, horns 1, see invisible, berserk 1, clumsy 1,
deterioration 1, herbivore, speed 3, slow metabolism 2, weak 1
a: no special abilities


You were in the Dungeon.
You were not hungry.

You visited 1 branch

Inventory:

Hand Weapons
 a - a +1 dagger (weapon)
Armour
 b - a +0 robe (worn)
Scrolls
 j - a scroll of blinking
Potions
 h - 2 potions of magic
Comestibles
 d - a ration


   Skills:
 + Level 5.5 Fighting
 * Level 10.5 Short Blades
 - Level 3.0 Dodging
 + Level 11.3 Stealth
 - Level 2.6 Spellcasting
 - Level 3.6 Hexes


You had 9 spell levels left.
You knew the following spells:

 Your Spells              Type           Power        Failure   Level  Hunger
a - Corona                Hex            ###....      3%          1    None

Your spell library contained the following spells:

 Spells                   Type           Power        Failure   Level  Hunger
 Confuse                  Hex            ###.....     11%         3    ###....
 Tukima's Dance           Hex            ###.....     11%         3    ###....
 Ensorcelled Hibernation  Hex/Ice        #.....       12%         2    ##.....
 Dazzling Spray           Conj/Hex       #.....       22%         3    ###....


Dungeon Overview and Level Annotations

Branches:
Dungeon (1/1)

Altars:


Innate Abilities, Weirdness & Mutations

You are very small and have problems with some larger weapons.
You are too small for most types of armour.
You have supernaturally acute eyesight. (SInv)
You are a herbivore.
You cover ground extremely quickly.
You need to consume almost no food.
You have a pair of small horns on your head.
You tend to lose your temper in combat.
You are clumsy. (Dex -2)
Your body sometimes deteriorates upon taking damage.
You are weak. (Str -2)


Message History

You hit the neqoxec but do no damage.
The neqoxec is moderately wounded.
You hit the neqoxec.
The neqoxec is heavily wounded.
The neqoxec hits you but does no damage.
You hit the neqoxec.
The neqoxec is heavily wounded.
You hit the neqoxec. Your headbutt misses the neqoxec.
The neqoxec is heavily wounded.
You hit the neqoxec but do no damage.
The neqoxec is heavily wounded.
The neqoxec barely misses you.
You hit the neqoxec but do no damage.
The neqoxec is heavily wounded.
You hit the neqoxec.
The neqoxec is heavily wounded.
You hit the neqoxec but do no damage.
The neqoxec is heavily wounded.
The neqoxec hits you!
You die...

##
#+###3#
##.##@#
+.<.'$#
##.##..#
#+###.#
##


You could see a neqoxec.

Vanquished Creatures
  3 neqoxecs (D)
3 creatures vanquished.

Notes
Turn   | Place    | Note
-------+----------+-------------------------------------------
     0 | D        | MuseOD the Spriggan Enchanter began the quest for the Orb.
     0 | D        | Reached XP level 1. HP: 9/9 MP: 5/5
     1 | D        | Noticed a neqoxec
     1 | D        | Noticed a neqoxec
     1 | D        | Noticed a neqoxec
     1 | D        | Noticed a neqoxec
     1 | D        | Gained mutation: You tend to lose your temper in combat. [a
                  | neqoxec]
     2 | D        | Gained mutation: Your body sometimes deteriorates upon
                  | taking damage. [a neqoxec]
     6 | D        | Gained mutation: You have a pair of small horns on your
                  | head. [a neqoxec]
     7 | D        | Noticed a crimson imp
     9 | D        | Noticed a quasit
     9 | D        | Noticed an iron imp
    11 | D        | Killed a neqoxec
    11 | D        | Reached skill level 8 in Stealth
    11 | D        | Reached XP level 2. HP: 17/17 MP: 6/6
    11 | D        | Reached XP level 3. HP: 21/21 MP: 8/8
    11 | D        | Reached XP level 4. HP: 25/25 MP: 9/9
    17 | D        | Killed a neqoxec
    17 | D        | Reached skill level 10 in Stealth
    17 | D        | Reached XP level 5. HP: 30/30 MP: 10/10
    25 | D        | Killed a neqoxec
    25 | D        | Reached skill level 5 in Fighting
    25 | D        | Reached skill level 10 in Short Blades
    25 | D        | Reached skill level 11 in Stealth
    25 | D        | Reached XP level 6. HP: 15/35 MP: 11/11
    32 | D        | Gained mutation: You are weak. (Str -2) [a neqoxec]
    50 | D        | Gained mutation: You are clumsy. (Dex -2) [a neqoxec]
    75 | D        | Slain by a neqoxec

Skill      XL: |  1  2  3  4  5 |
---------------+----------------+-----
Fighting       | 3 4 5 |  5.5
Short Blades   | 7 9 10 | 10.5
Stealth        | 8 10 11 | 11.3
Dodging        | |  3.0
Spellcasting   | |  2.6
Hexes          | |  3.6

Action                   |  1- 3 |  4- 6 || total
-------------------------+-------+-------++-------
Melee: Dagger            |     8 |    59 ||    67
       Headbutt          |     2 |     2 ||     4
  Use: Potion            |     1 |     3 ||     4
Armor: Robe              |       |     1 ||     1
Dodge: Dodged            |     1 |    20 ||    21
